 Dungeon Crawl Stone Soup version 0.25-a0-285-gcba6f664f8 (webtiles) character file.

Game seed: 13125379344923514990, levelgen mode: deterministic

210 floatRand the Shield-Bearer (level 5, 41/41 HPs)
             Began as a Demonspawn Fighter on Dec 11, 2019.
             Quit the game on level 3 of the Dungeon.
             The game lasted 00:02:38 (3181 turns).

floatRand the Shield-Bearer (Demonspawn Fighter)    Turns: 3181, Time: 00:02:39

Health: 41/41      AC:  8    Str: 17    XL:     5   Next: 57%
Magic:  5/5        EV:  8    Int:  9    God:
Gold:   198        SH:  9    Dex: 13    Spells: 4/4 levels left

rFire    . . .     SeeInvis .   a - +0 long sword
rCold    . . .     Gourm    .   c - +0 shield
rNeg     . . .     Faith    .   b - +0 scale mail
rPois    .         Spirit   .   (no helmet)
rElec    .         Reflect  .   (no cloak)
rCorr    .         Harm     .   m - +1 pair of gloves
MR       .....                  (no boots)
Stlth    ..........             (no amulet)
HPRegen  0.13/turn              (no ring)
MPRegen  0.09/turn              (no ring)

@: no status effects
A: talons 1, demonic guardian 1, sanguine armour 1
a: no special abilities


You were on level 3 of the Dungeon.
You were not hungry.

You visited 1 branch of the dungeon, and saw 3 of its levels.

You collected 198 gold pieces.

Inventory:

Hand Weapons
 a - a +0 long sword (weapon)
Missiles
 o - 12 poisoned darts (quivered)
Armour
 b - a +0 scale mail (worn)
 c - a +0 shield (worn)
 m - a +1 pair of gloves (worn)
Jewellery
 l - an uncursed ring of magical power {unknown}
Scrolls
 d - 2 scrolls of teleportation {unknown}
 g - a scroll of magic mapping {unknown}
 h - 4 scrolls of remove curse {unknown}
 i - 5 scrolls of identify {unknown}
 k - a scroll of noise {unknown}
 n - 2 scrolls of amnesia {unknown}
 r - a scroll of blinking {unknown}
 s - a scroll of enchant weapon {unknown}
 u - a scroll of immolation {unknown}
 x - a scroll of random uselessness {unknown}
Potions
 e - a potion of agility {unknown}
 j - 4 potions of curing {unknown}
 p - a potion of mutation {unknown}
 q - a potion of brilliance {unknown}
 t - a potion of haste {unknown}
 v - a potion of heal wounds {unknown}
Comestibles
 f - 5 rations


   Skills:
 - Level 3.0 Fighting
 + Level 3.4 Long Blades
 - Level 2.6 Armour
 + Level 2.5 Dodging
 + Level 4.0 Shields


You had 4 spell levels left.
You didn't know any spells.
Your spell library was empty.

Dungeon Overview and Level Annotations

Branches:
Dungeon (3/15)

Altars:
Dithmenos
Vehumet
Yredelemnul


Innate Abilities, Weirdness & Mutations

You have sharp toenails.
A weak demonic guardian rushes to your aid.
When seriously injured, your bleeding wounds create armour. (AC +0)


Message History

All of the chunks of flesh in your inventory have rotted away.
You now have 198 gold pieces (gained 13).
You are feeling hungry.
A rat comes into view.
A rat is nearby!
A rat is nearby!
You block the rat's attack.
You hit the rat. You claw the rat.
You kill the rat!
No target in view!
You see here a rat corpse.
No target in view!
You butcher the rat corpse.
w - a chunk of flesh You see here a rat skeleton.
Eating a chunk of flesh.
You eat the chunk of flesh.
This raw flesh tastes terrible.
An orc comes into view.
An orc is nearby!
Are you sure you want to abandon this character and quit the game? (Confirm with "yes".)

.....# #. .....# #. .....#
#. .....# #. .....# ## #.
.....# #. #. ###### #.
########## ..#
.#.########......... ..#
#######'#.@.....##.########
..#
#.........#####.##.#......#
###
#.........#...#.##.#.####.#
##### #.........#.#.#.##.#.#
#.#
#...###..)......#[#.#.##.#.#
#.#
#........)......#.#.#.##.#.#
#.#
....#...#...o...#.#.#.##.#.#
#.#
...###)###......#.#.#.##.#.#
#.#
....#.).#.......#.#.#.##.#.#
#.#


You could see an orc.

Vanquished Creatures
  3 orc wizards (D:3)
  An orc priest (D:3)
  Robin (D:3)
  3 adders
  A worm (D:3)
  3 dart slugs
  4 orcs (D:3)
  2 giant cockroaches
  13 goblins
  12 hobgoblins
  3 jackals (D:3)
  A ball python (D:1)
  6 bats
  3 frilled lizards
  11 kobolds
  8 rats
75 creatures vanquished.

Vanquished Creatures (collateral kills)
  An orc (D:3)
1 creature vanquished.

Grand Total: 76 creatures vanquished

Notes
Turn   | Place    | Note
-------+----------+-------------------------------------------
     0 | D:1      | floatRand the Demonspawn Fighter began the quest for the
                  | Orb.
     0 | D:1      | Reached XP level 1. HP: 18/18 MP: 1/1
   133 | D:1      | Gained mutation: A weak demonic guardian rushes to your
                  | aid. [demonic ancestry]
   133 | D:1      | Reached XP level 2. HP: 4/24 MP: 2/2
   405 | D:1      | Reached skill level 3 in Shields
  1344 | D:2      | Reached skill level 1 in Dodging
  1374 | D:2      | Gained mutation: You have sharp toenails. [demonic
                  | ancestry]
  1374 | D:2      | Reached XP level 3. HP: 28/29 MP: 3/3
  1508 | D:2      | Found a shadowy altar of Dithmenos.
  1959 | D:3      | Reached XP level 4. HP: 35/35 MP: 4/4
  2205 | D:3      | Gained mutation: When seriously injured, your bleeding
                  | wounds create armour. (AC +0) [demonic ancestry]
  2205 | D:3      | Reached XP level 5. HP: 39/41 MP: 5/5
  2430 | D:3      | Found a basalt altar of Yredelemnul.
  2446 | D:3      | Found a radiant altar of Vehumet.
  2774 | D:3      | Noticed Robin
  2787 | D:3      | Killed Robin
  2787 | D:3      | Reached skill level 4 in Shields
  3181 | D:3      | Quit the game

Levels and vault maps discovered:
D:1:      ncdulo_watergridlock, layout_loops_ring, serial_bayou,
          serial_bayou_shore_b, serial_bayou_shore_a, serial_bayou_lake_a,
          serial_bayou_pond_e, minmay_liquid_box, minmay_misc_feat_enclosed,
          serial_bayou_pond_d, minivault_27, lexackson_kobold_supper
D:2:      layout_basic, lemuel_crystal_altar, minmay_close_crescents
D:3:      layout_basic, lemuel_doored_altar, vehumet_crystals,
          patterned_corridor, uniq_robin

Skill      XL: |  1  2  3  4  5 |
---------------+----------------+-----
Long Blades    | 2 3 |  3.4
Shields        | 3 4 |  4.0
Dodging        | 1 2 |  2.5
Fighting       | |  3.0
Armour         | |  2.6

Action                   |  1- 3 |  4- 6 || total
-------------------------+-------+-------++-------
Melee: Long sword        |   103 |    76 ||   179
       Kick              |    10 |    22 ||    32
  Use: Potion            |     1 |       ||     1
  Eat: Chunk             |     4 |     4 ||     8
Armor: Scale mail        |    57 |    40 ||    97
Dodge: Dodged            |    30 |    29 ||    59
Block: Shield            |    53 |    39 ||    92
       Rpst.: Long sword |    10 |     6 ||    16

Table legend:
 A = Non-vault XP
 B = Vault XP
 C = Vault XP percentage of total XP
 D = Non-vault monster count
 E = Vault monster count
 F = Vault count percentage of total count
                 A         B        C        D         E       F
            +---------+---------+-------+---------+---------+-------
      Total |     254 |      47 |  15.6 |      55 |      21 |  27.6
            +---------+---------+-------+---------+---------+-------
        D:1 |      23 |       5 |  17.9 |      15 |       5 |  25.0
        D:2 |      38 |       8 |  17.4 |      15 |       5 |  25.0
        D:3 |     193 |      34 |  15.0 |      25 |      11 |  30.6
            +---------+---------+-------+---------+---------+-------
